 Dungeon Crawl Stone Soup version 0.29.1-13-g9f3cf754e1 (webtiles) character file.

Game seed: 15674744583703408553

30981 DemonSlayer the Thaumaturge (level 13, -1/88 HPs)
             Began as a Demonspawn Earth Elementalist on Feb 3, 2023.
             Was the Champion of Cheibriados.
             Slain by an orc warlord
             ... wielding a +2 long sword of holy wrath
              (20 damage)
             ... on level 2 of the Orcish Mines.
             The game lasted 00:44:42 (18770 turns).

DemonSlayer the Thaumaturge (DsEE)                 Turns: 18770, Time: 00:44:43

Health: -1/88      AC: 15    Str: 23    XL:     13   Next: 23%
Magic:  23/46      EV: 18    Int: 36    God:    Cheibriados [******]
Gold:   639        SH:  0    Dex: 30    Spells: 4/35 levels left

rFire   + . .      SeeInvis .   I - +5 morningstar "Kamoacan" {vorpal, rF+ rCorr}
rCold   + . .      Faith    .   (no shield)
rNeg    . . .      Spirit   .   A - +3 troll leather armour
rPois   .          Reflect  .   E - +2 helmet
rElec   .          Harm     .   (no cloak)
rCorr   +          Rampage  .   (gloves unavailable)
Will    .....                   (no boots)
Stlth   ++++......              y - amulet of regeneration
HPRegen 1.84/turn               p - ring of magical power
MPRegen 0.30/turn               z - ring of magical power

@: very slow
A: claws 3, icy blue scales 3, powered by death 2, spiny 1
a: Renounce Religion, Bend Time, Temporal Distortion, Slouch, Step From Time


You were on level 2 of the Orcish Mines.
You worshipped Cheibriados.
Cheibriados was exalted by your worship.
You visited 4 branches of the dungeon, and saw 16 of its levels.

You collected 1541 gold pieces.
You spent 902 gold pieces at shops.

Inventory:

Hand Weapons
 i - a +4 dagger of protection
 I - the +5 morningstar "Kamoacan" (weapon) {vorpal, rF+ rCorr}
   (You bought it in a shop on level 1 of the Orcish Mines)

   It inflicts extra damage upon your enemies.
   rF:        It protects you from fire.
   rCorr:     It protects you from acid and corrosion.
Missiles
 b - 2 curare-tipped darts
Armour
 A - a +3 troll leather armour (worn)
 E - a +2 helmet (worn)
Jewellery
 f - a ring of positive energy
 n - a ring of fire
 p - a ring of magical power (left claw)
 r - a ring of ice
 y - an amulet of regeneration (around neck)
 z - a ring of magical power (right claw)
 G - a ring of flight
Wands
 d - a wand of digging (11)
 o - a wand of polymorph (14)
 t - a wand of paralysis (22)
 u - a wand of roots (3)
 v - a wand of mindburst (9)
 w - a wand of flame (11)
Scrolls
 e - a scroll of poison
 g - 8 scrolls of teleportation
 x - 2 scrolls of amnesia
 B - a scroll of immolation
Potions
 a - 3 potions of ambrosia
 c - 2 potions of flight
 h - a potion of berserk rage
 j - 3 potions of attraction
 l - 2 potions of curing
 m - 3 potions of lignification
 q - a potion of mutation
 s - a potion of resistance
 F - a potion of heal wounds
Miscellaneous
 C - a condenser vane
 D - a phantom mirror


   Skills:
 + Level 3.8 Fighting
 + Level 3.5 Short Blades
 + Level 0.1(2.1) Long Blades
 + Level 1.6 Maces & Flails
 + Level 0.1 Throwing
 + Level 4.8 Armour
 + Level 6.2 Dodging
 + Level 5.8 Stealth
 + Level 11.6 Spellcasting
 + Level 9.6 Conjurations
 + Level 1.2 Transmutations
 + Level 11.1 Earth Magic
 + Level 0.2 Invocations
 + Level 0.5 Evocations


You had 4 spell levels left.
You knew the following spells:

 Your Spells              Type           Power      Damage    Failure   Level
a - Sandblast             Erth           100%       2d20      1%          1
b - Stone Arrow           Conj/Erth      100%       3d13      1%          3
c - Petrify               Tmut/Erth      60%        N/A       1%          4
d - Olgreb's Toxic Radia  Pois           20%        N/A       22%         4
e - Lightning Bolt        Conj/Air       26%        1d42      9%          5
f - Passwall              Tmut/Erth      50%        N/A       1%          2
g - Summon Lightning Spi  Summ/Air       20%        N/A       22%         4
h - Dispel Undead         Necr           20%        3d11      22%         4
i - Sticky Flame          Conj/Fire      53%        2d7       3%          4

Your spell library contained the following spells:

 Spells                   Type           Power      Damage    Failure   Level
 Static Discharge         Conj/Air       53%        3-10/arc  1%          2
 Sublimation of Blood     Necr           20%        N/A       3%          2
 Animate Dead             Necr           20%        N/A       22%         4
 Borgnjor's Vile Clutch   Necr/Erth      28%        N/A       6%          5
 Irradiate                Conj/Tmut      28%        3d21      7%          5
 Death Channel            Necr           10%        N/A       98%         6
 Ozocubu's Refrigeration  Ice            10%        4d9       100%        7
 Storm Form               Tmut/Air       12%        N/A       100%        7
 Ignition                 Fire           10%        3d5       100%        8
 Maxwell's Capacitive Co  Air            10%        ∞         100%        8


Dungeon Overview and Level Annotations

Branches:
Dungeon (9/15)             Temple (1/1) D:6            Lair (4/5) D:9
 Shoals (0/4) Lair:3       Spider (0/4) Lair:2          Orc (2/2) D:9
    Elf (0/3) Orc:2
  Slime: Lair:4-5

Altars:
Ashenzari
Cheibriados
Dithmenos
Fedhas
Gozag
Hepliaklqana
Kikubaaqudgha
Makhleb
Nemelex Xobeh
Okawaru
Qazlal
Ru
Sif Muna
Trog
Uskayaw
Vehumet
Wu Jian
Xom
Yredelemnul
Jiyva

Shops:
D:8 *   Orc:1 **

Annotations:
D:2 Terence
Temple 4 transporters
Lair:3 3 runed translucent doors, Kubamp's ghost, journeyman DEAE


Innate Abilities, Weirdness & Mutations

You have claws for hands.
You are completely covered in icy blue scales. (AC +4, rC+)
You regenerate health from kills.
You are partially covered in sharp spines.


Message History

The orc warlord seems to be slow for longer.
The orc warlord is lightly wounded.
You throw a throwing net.
The throwing net barely misses the orc warlord.
The roots erupt in riotous growth!
Roots grab the orc warlord.
The grasping roots constrict the orc warlord.
You hear a shout! x2
The orc warlord hits you with a +2 long sword of holy wrath!!
You convulse!
The orc warlord resists with some effort.
The grasping roots constrict the orc warlord, but do no damage.
The roots release their grip on the orc warlord.
The orc warlord hits you with a +2 long sword of holy wrath!
You convulse!
Unknown command.
Casting: Petrify (dangerous; 1% risk of failure)
Confirm with . or Enter, or press ? or * to list all spells.
Aiming: Petrify (dangerous; 1% risk of failure)
Press: ? - help, Shift-Dir - straight line, f/p - orc warlord
Aim: an orc warlord, wielding a +2 long sword of holy wrath and wearing a +0 plate armour (moderately wounded, very poisoned, slow, chance to affect: 41%)
The orc warlord resists with some effort.
Casting: Petrify (dangerous; 1% risk of failure)
Confirm with . or Enter, or press ? or * to list all spells.
Aiming: Petrify (dangerous; 1% risk of failure)
Press: ? - help, Shift-Dir - straight line, f/p - orc warlord
Aim: an orc warlord, wielding a +2 long sword of holy wrath and wearing a +0 plate armour (moderately wounded, very poisoned, slow, chance to affect: 41%)
Okay, then.
Casting: Petrify (dangerous; 1% risk of failure)
Confirm with . or Enter, or press ? or * to list all spells.
Aiming: Stone Arrow (safe; 1% risk of failure)
Press: ? - help, Shift-Dir - straight line, f/p - orc warlord
Aim: an orc warlord, wielding a +2 long sword of holy wrath and wearing a +0 plate armour (moderately wounded, very poisoned, slow, 87% to hit)
The stone arrow hits the orc warlord but does no damage.
The orc warlord is moderately wounded.
The orc warlord is struck by your spines.
The orc warlord hits you with a +2 long sword of holy wrath!
* * * LOW HITPOINT WARNING * * *
You convulse!!
You die...

#.......# .# ##......##.#
#......)...####.
##.............. ## ##
###.<......... ...#.
#[[)......§. ...#.####
#.)))...##≈≈ ........#
###)..)))## ≈ ........>
##@.)..[[).## ........##
#.o)..<.[...#######
......)).####(.....#..........
......))))#)(....###.........#
...#.###)))))....# ##.........
#..........## ##........
#...........# #.........
##.#...(..######......#.
###..........#......##


You could see an orc warlord (very poisoned, slow).

Vanquished Creatures
  A hydra (Lair:4)
  Erolcha (D:9)
  A boulder beetle (Lair:4)
  3 orc high priests (Orc:2)
  Sonja (Lair:3)
  Amaemon (Lair:3)
  3 orc knights (Orc:2)
  3 orc sorcerers (Orc:2)
  9 elephants (Lair:4)
  2 black mambas
  An orange demon (Lair:3)
  Maggie (Lair:1)
  6 cane toads
  5 komodo dragons
  A rime drake (Lair:2)
  A troll (D:9)
  A polar bear (Lair:3)
  9 blink frogs (Lair:3)
  A vampire (D:9)
  3 culicivoras (Lair:2)
  37 yaks
  2 basilisks
  A redback (Lair:2)
  2 steam dragons
  3 water moccasins
  An acid dragon (D:8)
  17 orc warriors
  An ice beast (D:7)
  2 sky beasts
  8 wolves
  A black bear (D:6)
  9 ogres
  6 centaurs
  4 phantoms
  2 kobold brigands
  A necrophage (D:5)
  A scorpion (D:5)
  8 bullfrogs
  9 killer bees
  An electric eel (Lair:4)
  4 howler monkeys
  4 hounds
  A jelly (D:6)
  13 orc priests
  Jessica (D:2)
  2 iguanas
  18 orc wizards
  3 gnolls (D:6)
  7 adders
  A shadow imp (D:5)
  3 white imps
  3 ufetubi
  A worm (D:5)
  37 orcs
  5 bats
  4 endoplasms
  10 giant cockroaches (D:3)
  A goblin (D:2)
  8 hobgoblins
  8 jackals
  13 kobolds
  3 quokkas
  8 ball pythons
  3 rats
  A spectral hobgoblin (D:8)
  A butterfly (Lair:1)
333 creatures vanquished.

Vanquished Creatures (collateral kills)
  A fire dragon (Lair:2)
  A wyvern (Lair:2)
2 creatures vanquished.

Vanquished Creatures (others)
  11 fungi
  62 plants
73 creatures vanquished.

Grand Total: 408 creatures vanquished

Notes
Turn   | Place    | Note
-------+----------+-------------------------------------------
     0 | D:1      | DemonSlayer the Demonspawn Earth Elementalist began the
                  | quest for the Orb.
     0 | D:1      | Reached XP level 1. HP: 13/13 MP: 3/3
    16 | D:1      | Reached skill level 1 in Transmutations
    74 | D:1      | You fall into a shaft and drop 1 floor!
    78 | D:2      | Noticed Jessica
   572 | D:1      | Gained mutation: You regenerate a little health from kills.
                  | [demonic ancestry]
   572 | D:1      | Reached XP level 2. HP: 19/19 MP: 1/5
  1544 | D:2      | Killed Jessica
  1545 | D:2      | Gained mutation: You are partially covered in icy blue
                  | scales. (AC +2) [demonic ancestry]
  1545 | D:2      | Reached XP level 3. HP: 18/24 MP: 4/7
  1954 | D:2      | Noticed Terence
  2096 | D:3      | Gained mutation: You regenerate health from kills. [demonic
                  | ancestry]
  2096 | D:3      | Reached XP level 4. HP: 30/30 MP: 1/8
  2821 | D:3      | Gained mutation: You are mostly covered in icy blue scales.
                  | (AC +3) [demonic ancestry]
  2821 | D:3      | Reached XP level 5. HP: 36/36 MP: 10/10
  3115 | D:3      | Learned a level 3 spell: Stone Arrow
  3120 | D:3      | Learned a level 4 spell: Petrify
  3182 | D:4      | Noticed an ogre
  3188 | D:4      | Killed an ogre
  3189 | D:4      | Gained mutation: You have sharp fingernails. [demonic
                  | ancestry]
  3189 | D:4      | Reached XP level 6. HP: 42/42 MP: 7/12
  4190 | D:5      | Entered Level 5 of the Dungeon
  4348 | D:5      | Reached XP level 7. HP: 47/47 MP: 14/14
  4373 | D:5      | Reached skill level 5 in Spellcasting
  4441 | D:5      | Reached skill level 5 in Earth Magic
  4679 | D:5      | Found an opulent altar of Gozag.
  5114 | D:5      | Learned a level 4 spell: Olgreb's Toxic Radiance
  5548 | D:6      | Noticed a steam dragon
  5551 | D:6      | Killed a steam dragon
  5552 | D:6      | Reached skill level 1 in Fighting
  5552 | D:6      | Gained mutation: You are completely covered in icy blue
                  | scales. (AC +4, rC+) [demonic ancestry]
  5552 | D:6      | Reached XP level 8. HP: 37/54 MP: 17/17
  5915 | D:6      | Found a sacrificial altar of Ru.
  5920 | D:6      | Found a sparkling altar of Nemelex Xobeh.
  5930 | D:6      | Reached skill level 1 in Conjurations
  6061 | D:6      | Reached skill level 1 in Short Blades
  6393 | D:6      | Found a staircase to the Ecumenical Temple.
  6553 | Temple   | Entered the Ecumenical Temple
  6553 | Temple   | Found a transporter.
  6553 | Temple   | Found a transporter.
  6555 | Temple   | Found a transporter.
  6555 | Temple   | Found a transporter.
  6571 | Temple   | Became a worshipper of Cheibriados the Contemplative
  7135 | D:7      | Found a shadowy altar of Dithmenos.
  7157 | D:7      | Reached XP level 9. HP: 55/59 MP: 15/19
  7284 | D:7      | Reached * piety under Cheibriados
  7553 | D:7      | Identified the +1 plate armour "Fyneposoyl" {rPois rC-
                  | Int+4 Dex+4}
  8004 | D:7      | Learned a level 5 spell: Lightning Bolt
  8007 | D:7      | Learned a level 2 spell: Passwall
  8293 | D:8      | Found Fizir's CLEARANCE SALE!.
  8297 | D:8      | Bought a scroll of teleportation for 18 gold pieces
  8297 | D:8      | Bought a scroll of poison for 24 gold pieces
  8590 | D:8      | Found an ornate altar of the Wu Jian Council.
  8607 | D:8      | Reached skill level 5 in Stealth
  8900 | D:8      | Identified the +5 leather armour of Rizxophu {Dex+4}
  9093 | D:8      | Found a hazy altar of Hepliaklqana.
  9098 | D:8      | Reached ** piety under Cheibriados
  9495 | D:9      | Found a staircase to the Orcish Mines.
  9651 | D:9      | Reached skill level 5 in Conjurations
  9781 | D:9      | Noticed Erolcha
  9788 | D:9      | Killed Erolcha
  9789 | D:9      | Reached skill level 1 in Armour
  9789 | D:9      | Reached XP level 10. HP: 65/65 MP: 17/21
  9897 | D:9      | Found a blossoming altar of Fedhas.
 10167 | D:9      | Found a staircase to the Lair.
 10177 | Lair:1   | Entered Level 1 of the Lair of Beasts
 10296 | Lair:1   | Noticed a black mamba
 10326 | Lair:1   | Killed a black mamba
 10393 | Lair:1   | Noticed Maggie
 10399 | Lair:1   | Killed Maggie
 10815 | Lair:1   | Noticed a cane toad
 10830 | Lair:1   | Killed a cane toad
 11140 | Lair:1   | Noticed a cane toad
 11144 | Lair:1   | Killed a cane toad
 11568 | Lair:1   | Learned a level 4 spell: Summon Lightning Spire
 11844 | Lair:2   | Gained mutation: You have very sharp fingernails. [demonic
                  | ancestry]
 11844 | Lair:2   | Reached XP level 11. HP: 71/71 MP: 24/24
 11992 | Lair:2   | Found a hole to the Spider Nest.
 12308 | Lair:2   | Reached *** piety under Cheibriados
 12491 | Lair:2   | Noticed a fire dragon
 12501 | Lair:2   | Killed a fire dragon
 12907 | Lair:3   | Found a staircase to the Shoals.
 13242 | Lair:3   | Found a runed translucent gate.
 13243 | Lair:3   | Found a runed translucent gate.
 13244 | Lair:3   | Found a runed translucent gate.
 13291 | Lair:3   | Reached **** piety under Cheibriados
 13376 | Lair:3   | Reached skill level 10 in Spellcasting
 13654 | Lair:3   | Noticed Amaemon
 13719 | Lair:3   | Killed Amaemon
 13720 | Lair:3   | Reached skill level 5 in Dodging
 13993 | Lair:3   | Found a viscous altar of Jiyva.
 13993 | Lair:3   | Noticed a glowing orange brain
 13993 | Lair:3   | Noticed Kubamp's ghost (journeyman DEAE)
 14081 | Lair:3   | Learned a level 4 spell: Dispel Undead
 14180 | Lair:4   | Noticed a seven-headed hydra
 14186 | Lair:4   | Killed a seven-headed hydra
 14187 | Lair:4   | Noticed a boulder beetle
 14204 | Lair:4   | Killed a boulder beetle
 14205 | Lair:4   | Gained mutation: You have claws for hands. [demonic
                  | ancestry]
 14205 | Lair:4   | Reached XP level 12. HP: 80/80 MP: 7/26
 14359 | Lair:4   | Reached skill level 10 in Earth Magic
 14654 | Lair:4   | Noticed Sonja
 14674 | Lair:3   | Killed Sonja
 15585 | Lair:2   | Learned a level 4 spell: Sticky Flame
 15734 | Lair:4   | Reached ***** piety under Cheibriados
 16951 | Orc:1    | Entered Level 1 of the Orcish Mines
 17144 | Orc:1    | Found Bytoing's General Store.
 17146 | Orc:1    | Found Lutivil's Specific Store.
 17154 | Orc:1    | Bought the +5 morningstar "Kamoacan" {vorpal, rF+ rCorr}
                  | for 860 gold pieces
 17195 | Orc:2    | Entered Level 2 of the Orcish Mines
 18218 | Orc:2    | Gained mutation: You are partially covered in sharp spines.
                  | [demonic ancestry]
 18218 | Orc:2    | Reached XP level 13. HP: 71/86 MP: 28/28
 18278 | Orc:2    | Reached ****** piety under Cheibriados
 18287 | Orc:2    | Reached skill level 1 in Maces & Flails
 18680 | Orc:2    | Found a staircase to the Elven Halls.
 18761 | Orc:2    | Noticed an orc warlord
 18770 | Orc:2    | Slain by an orc warlord

Illustrated notes

Levels and vault maps discovered:
D:1:      wander_arrival_abandoned_jail, layout_loops_ring
D:2:      cheibrodos_helix_gallery, layout_basic, uniq_terence,
          uniq_crazy_yiuf_cottage, uniq_jessica
D:3:      minmay_roachtagon, layout_basic, minivault_4, grunt_ministairs_3
D:4:      layout_loops_ring, nicolae_elevator_lobby_asterisk
D:5:      layout_basic, grunt_temple_overflow_gold_and_silver
D:6:      layout_rooms, grunt_temple_overflow_open, minmay_temple_entry_ruins
D:7:      layout_loops_corners, mainiacjoe_overflow_paths
D:8:      layout_loops_ring, nicolae_wu_jian_wuxing_cycle,
          nicolae_hepliaklqana_monster_ancestors, grunt_ogre_cave,
          minmay_misc_feat_nine_boxes, nicolae_shop_clearance
D:9:      layout_long_grid, fedhas_ov_isle_minmay, lair_entry_dummy,
          david_orc_2, uniq_erolcha
Temple:   hellmonk_temple_divided_pantheon
Lair:1:   layout_cave_pods, lemuel_fruit_fields, uniq_maggie, uniq_grum
Lair:2:   dragon1_lemuel, layout_regular_city, spider_nest_entry_funnel_web,
          lemuel_fruit_tree, serial_bayou_shore_b, serial_bayou_shore_b
Lair:3:   layout_regular_city, minmay_shoals_entry_centaurs,
          gammafunk_ghost_ooze, infiniplex_staircase_pool, uniq_amaemon
Lair:4:   layout_loops_ring, minivault_11, serial_bayou_lake_a,
          grunt_megastairs_4, uniq_sonja
Orc:1:    layout_caves, serial_shops, nicolae_shop_competitors_out_of_business,
          nicolae_specific_store, mines1_david
Orc:2:    st_orc_congregation, layout_diamond_mine, basic_altar,
          nicolae_orc_lava_tube, uniq_rupert

Skill      XL: |  1  2  3  4  5  6  7  8  9 10 11 12 13 |
---------------+----------------------------------------+-----
Transmutations | 1 |  1.2
Earth Magic    | 3 4 5 6 7 8 9 10 11 | 11.1
Dodging        | 2 3 4 5 6 |  6.2
Stealth        | 2 3 5 |  5.8
Spellcasting   | 3 4 6 7 9 10 11 | 11.6
Fighting       | 1 2 3 |  3.8
Conjurations   | 3 5 7 8 9 |  9.6
Short Blades   | 1 2 3 |  3.5
Armour         | 1 2 4 |  4.8
Maces & Flails | 1 |  1.6
Long Blades    | |  0.1
Throwing       | |  0.1
Invocations    | |  0.2
Evocations     | |  0.5

Action                   |  1- 3 |  4- 6 |  7- 9 | 10-12 | 13-15 || total
-------------------------+-------+-------+-------+-------+-------++-------
Melee: Unarmed           |     1 |       |       |       |       ||     1
       Falchion          |       |    23 |       |       |       ||    23
       Dagger            |       |    10 |    36 |   172 |       ||   218
       Punch             |       |     1 |       |     3 |       ||     4
       Morningstar       |       |       |       |    28 |    10 ||    38
Throw: Throwing net      |       |       |       |     2 |     1 ||     3
       Dart              |       |       |       |       |     2 ||     2
 Cast: Sandblast         |    50 |    75 |    27 |    13 |       ||   165
       Stone Arrow       |       |     1 |   124 |   303 |    65 ||   493
       Petrify           |       |       |       |     2 |     2 ||     4
Invok: Bend Time         |       |       |       |     1 |       ||     1
Evoke: Wand              |       |       |       |     7 |     1 ||     8
  Use: Potion            |     3 |     4 |       |     4 |       ||    11
       Scroll            |       |     5 |    11 |    12 |       ||    28
 Stab: Sleeping          |       |     4 |     8 |     2 |       ||    14
       Petrified         |       |       |       |     3 |       ||     3
Armor: Robe              |     5 |    22 |    50 |       |       ||    77
       Leather armour    |       |       |     9 |       |       ||     9
       Troll leather arm |       |       |       |   196 |    12 ||   208
Dodge: Dodged            |    25 |    43 |    91 |   394 |    19 ||   572
